 Dungeon Crawl Stone Soup version 0.29.1-15-g9cfb28693d (webtiles) character file.

Game seed: 11699858911878337749

7 croobank the Sneak (level 1, 0/18 HPs)
             Began as a Demigod Delver on Apr 17, 2023.
             Slain by an orc priest
             ... wielding a +3 whip
              (2 damage)
             ... on level 5 of the Dungeon.
             The game lasted 00:03:32 (321 turns).

croobank the Sneak (Demigod Delver)                  Turns: 321, Time: 00:03:32

Health: 0/18       AC:  3    Str: 13    XL:     1   Next: 73%
Magic:  3/3        EV: 12    Int: 12    God:
Gold:   0          SH:  0    Dex: 15    Spells: 0/0 levels left

rFire   . . .      SeeInvis .   a - +0 hand axe
rCold   . . .      Faith    .   (no shield)
rNeg    . . .      Spirit   .   b - +0 leather armour
rPois   +          Reflect  .   (no helmet)
rElec   .          Harm     .   (no cloak)
rCorr   .          Rampage  .   (no gloves)
Will    .....                   (no boots)
Stlth   +++.......              h - amulet of the acrobat
HPRegen 0.06/turn               i - ring of poison resistance
MPRegen 0.08/turn               (no ring)

@: brilliant
A: high MP 1, forlorn, divine attributes
a: no special abilities


You were on level 5 of the Dungeon.
You visited 1 branch of the dungeon, and saw 2 of its levels.

Inventory:

Hand Weapons
 a - a +0 hand axe (weapon)
 j - a +0 quarterstaff
Armour
 b - a +0 leather armour (worn)
Jewellery
 h - an amulet of the acrobat (around neck)
 i - a ring of poison resistance (left hand)
Wands
 g - a wand of digging (3)
Scrolls
 c - a scroll of fog
 d - a scroll of magic mapping


   Skills:
 + Level 2.8 Fighting
 + Level 2.0 Axes
 + Level 2.0 Dodging
 + Level 4.6 Stealth


You couldn't memorise any spells.
You didn't know any spells.
Your spell library was empty.

Dungeon Overview and Level Annotations

Branches:
Dungeon (6/15)
 Temple: D:4-7


Innate Abilities, Weirdness & Mutations

You have an increased reservoir of magic. (+10% MP)
You shall have no god before yourself.
Your divine heritage dramatically boosts your attributes as you level up.


Message History

Your Axes skill increases to level 2!
Your Dodging skill increases to level 2!
You barely miss the orc priest.
The orc priest hits you but does no damage.
You closely miss the orc priest.
Your transformation is almost over.
The orc priest hits you but does no damage. x2
You slash the orc priest!
The orc priest is heavily wounded.
The orc priest hits you with a +3 whip.
You closely miss the orc priest.
The orc priest is heavily wounded.
The orc priest hits you but does no damage.
You hit the orc priest but do no damage.
The orc priest is heavily wounded.
The orc priest hits you with a +3 whip.
* * * LOW HITPOINT WARNING * * *
You hit the orc priest.
The orc priest is heavily wounded.
The orc priest hits you with a +3 whip.
* * * LOW HITPOINT WARNING * * *
It was a potion of flight.
Your roots keep you in place.
The orc priest hits you but does no damage.
It was a potion of magic.
Magic courses through your body.
The orc priest hits you but does no damage.
It was a potion of brilliance.
You feel clever all of a sudden. The orc priest completely misses you.
You don't know any spells.
Unknown command.
You hit the orc priest but do no damage.
The orc priest is moderately wounded.
You feel less wooden.
Your +0 leather armour unmelds from your body.
The orc priest misses you. The orc priest closely misses you.
Okay, then.
You barely miss the orc priest.
The orc priest is moderately wounded.
The orc priest hits you with a +3 whip.
You die...

......... .........
.#.....# #.o.....o
.....## #o# .....## ##.#
......# #.## ......#
##.# .....♣♣ #..#
......♣ #o## ....._♣###
##.@## ......♣#.##
##....##
.....♣.#..###......##
.....♣##..##..##....##
......#...#..#####...###
.#...##.....## ##....##
##.........## ###...##
..........## ##...##
##.....##.# ####.#


You could see an orc priest.

Vanquished Creatures
  An ufetubus (D:5)
  An orc (D:5)
2 creatures vanquished.

Notes
Turn   | Place    | Note
-------+----------+-------------------------------------------
     0 | D:5      | croobank the Demigod Delver began the quest for the Orb.
     0 | D:5      | Reached XP level 1. HP: 18/18 MP: 3/3
    31 | D:6      | Noticed a necrophage
    31 | D:6      | Noticed an ice beast
    68 | D:6      | Noticed a hound
   298 | D:5      | Noticed an orc priest
   321 | D:5      | Slain by an orc priest

Illustrated notes

Levels and vault maps discovered:
D:5:      layout_cave_pods, zin_academy, elyvilon_altar_3, old_standard_altar,
          uniq_crazy_yiuf_cottage
D:6:      cheibrodos_quashed, layout_loops_ring,
          nicolae_sif_muna_little_library, minmay_temple_entry_ruins

Skill      XL: |  1 |
---------------+----+-----
Axes           | 2 |  2.0
Dodging        | 2 |  2.0
Fighting       | |  2.8
Stealth        | |  4.6

Action                   || total
-------------------------++-------
Melee: Hand axe          ||    13
  Use: Potion            ||     5
       Scroll            ||     2
Armor: Skin              ||     6
       Leather armour    ||     1
Dodge: Dodged            ||     7
